 Dungeon Crawl Stone Soup version 0.22-a0-580-gd5db89c (webtiles) character file.

14662 sking99 the Severer (level 12, -6/108 HPs)
             Began as a Hill Orc Fighter on July 3, 2018.
             Was a Priest of Qazlal.
             Mangled by Snorg (19 damage)
             ... on level 11 of the Dungeon.
             The game lasted 00:32:29 (15818 turns).

sking99 the Severer (Hill Orc Fighter)             Turns: 15818, Time: 00:32:30

Health: -6/108     AC: 13    Str: 21    XL:     12   Next: 18%
Magic:  21/21      EV:  4    Int:  8    God:    Qazlal [***...]
Gold:   1332       SH: 15    Dex: 13    Spells: 11/11 levels left

rFire    + . .     SeeInvis .   a - +0 war axe
rCold    + . .     Gourm    .   c - +0 shield
rNeg     . . .     Faith    .   v - +0 plate armour
rPois    +         Spirit   .   (no helmet)
rElec    .         Reflect  .   t - scarf {rC+ rF+}
rCorr    .         Harm     .   j - +1 pair of gloves
MR       .....                  (no boots)
Stlth    ..........             (no amulet)
HPRegen  0.28/turn              l - ring of poison resistance
MPRegen  0.17/turn              (no ring)

@: no status effects
A: no striking features
a: Upheaval, Elemental Force, Renounce Religion


You were on level 11 of the Dungeon.
You worshipped Qazlal.
Qazlal was most pleased with you.
You were not hungry.

You visited 2 branches of the dungeon, and saw 12 of its levels.
You also visited: Bailey.

You collected 1332 gold pieces.

Inventory:

Hand Weapons
 a - a +0 war axe (weapon)
Missiles
 h - 7 throwing nets (quivered)
Armour
 c - a +0 shield (worn)
 j - a +1 pair of gloves (worn)
 t - a scarf of resistance (worn)
 v - a +0 plate armour (worn)
 B - a +0 crystal plate armour
Jewellery
 l - a ring of poison resistance (left hand)
Wands
 n - a wand of scattershot (4)
 r - a wand of polymorph (16)
 y - a wand of flame (24)
 H - a wand of random effects (20)
Scrolls
 b - 6 scrolls of remove curse
 k - 2 scrolls of fog
 m - 4 scrolls of teleportation
 o - a scroll of identify
 p - a scroll of fear
 q - a scroll of noise {unknown}
 u - 4 scrolls of amnesia
 w - 2 scrolls of enchant armour
 G - a scroll of enchant weapon {unknown}
Potions
 d - a potion of might
 e - a potion of agility
 i - 2 potions of cancellation
 s - a potion of mutation
 x - 2 potions of flight
 z - a potion of ambrosia
 A - 2 potions of curing {unknown}
 D - 2 potions of lignification
 E - a potion of degeneration {unknown}
 F - a potion of haste
Comestibles
 f - 15 rations


   Skills:
 - Level 10.9 Fighting
 - Level 16.0 Axes
 - Level 3.2 Armour
 + Level 7.5 Shields
 + Level 12.7 Invocations


You had 11 spell levels left.
You didn't know any spells.
Your spell library contained the following spells:

 Spells                   Type           Power        Failure   Level  Hunger
 Summon Small Mammal      Summ           #...         100%        1    ##.....
 Summon Ice Beast         Ice/Summ       #.......     100%        4    #####..
 Call Imp                 Summ           #.......     100%        2    ###....
 Call Canine Familiar     Summ           #.......     100%        3    ####...
 Summon Lightning Spire   Summ/Air       #.......     100%        4    #####..
 Summon Guardian Golem    Hex/Summ       #.......     100%        3    ####...


Dungeon Overview and Level Annotations

Branches:
Dungeon (11/15)            Temple (1/1) D:5            Lair (0/6) D:9
    Orc: D:9-12

Altars:
Ashenzari
Cheibriados
Dithmenos
Elyvilon
Fedhas
Gozag
Hepliaklqana
Kikubaaqudgha
Makhleb
Nemelex Xobeh
Okawaru
Qazlal
Ru
Sif Muna
Trog
Uskayaw
Vehumet
Wu Jian
Xom
Yredelemnul
Zin
The Shining One

Annotations:
D:2 1 runed door
D:11 Snorg


Message History

You block Snorg's attack. Snorg barely misses you. You block Snorg's attack. x2
Snorg bites you! Snorg claws you!
* * * LOW HITPOINT WARNING * * *
You block Snorg's attack.
Snorg rages.
Snorg bites you.
* * * LOW HITPOINT WARNING * * *
Snorg claws you.
* * * LOW HITPOINT WARNING * * *
You block Snorg's attack. You block Snorg's attack. Snorg claws you.
* * * LOW HITPOINT WARNING * * *
You block Snorg's attack.
Okay, then.
You feel much better. Snorg bites you!!
* * * LOW HITPOINT WARNING * * *
You block Snorg's attack. Snorg claws you but does no damage. Snorg bites you!!
You die...

####### ###### #...... #....#
######...... #....#
#####....'......
#....############.....####....<.
#....'.........@T.##### #......
#....############## #######
#....# #<.. ###'## ##.## #..#
#..# ###'#### ####.### .......#
#......# .......# #......#
.......# #.......


You could see Snorg (berserk).

Vanquished Creatures
  3 two-headed ogres
  A skeletal warrior (D:11)
  An ugly thing (D:11)
  A manticore (D:9)
  3 cyclopes
  A freezing wraith (D:11)
  A troll (D:6)
  A polar bear (D:10)
  A hippogriff (D:11)
  A wyvern (D:8)
  7 yaks (D:10)
  A human (D:8)
  6 wraiths
  4 hogs (D:8)
  2 hungry ghosts
  2 water moccasins
  4 orc warriors
  An ice beast (D:10)
  An eye of draining (D:8)
  2 sky beasts (D:7)
  A black bear (D:6)
  4 phantoms
  6 ogres
  A wolf (D:10)
  7 centaurs
  A crocodile (D:8)
  2 big kobolds
  8 gnoll sergeants (Bailey)
  5 bullfrogs
  7 scorpions
  5 killer bees (D:8)
  7 crimson imps
  An electric eel (D:10)
  3 howler monkeys
  3 bullfrog zombies
  6 hounds
  7 orc priests
  3 iron imps (D:5)
  A bullfrog skeleton (D:4)
  6 gnoll shamans (Bailey)
  3 iguanas
  8 orc wizards
  5 worker ants
  2 hound zombies
  A hound skeleton (D:8)
  4 worker ant zombies
  A howler monkey zombie (D:7)
  18 gnolls
  15 adders
  5 shadow imps
  4 white imps (D:10)
  A worker ant simulacrum (D:10)
  An ufetubus (D:10)
  3 oozes
  An adder zombie (D:6)
  2 worms (D:2)
  6 dart slugs
  8 leopard geckos
  42 orcs
  A ball python (D:2)
  13 bats
  3 giant cockroaches
  13 goblins
  10 hobgoblins
  5 jackals
  21 kobolds
  8 quokkas
  6 frilled lizards
  A jackal skeleton (D:7)
  A quokka skeleton (D:5)
  5 rats
345 creatures vanquished.

Vanquished Creatures (collateral kills)
  A death knight (D:11)
1 creature vanquished.

Grand Total: 346 creatures vanquished

Notes
Turn   | Place    | Note
-------+----------+-------------------------------------------
     0 | D:1      | sking99 the Hill Orc Fighter began the quest for the Orb.
     0 | D:1      | Reached XP level 1. HP: 19/19 MP: 1/1
    46 | D:1      | Reached skill level 3 in Axes
    49 | D:1      | Reached XP level 2. HP: 23/27 MP: 2/2
   382 | D:1      | Reached skill level 4 in Axes
   382 | D:1      | Reached XP level 3. HP: 32/33 MP: 3/3
   852 | D:2      | Found a basalt altar of Yredelemnul.
   869 | D:2      | Reached XP level 4. HP: 35/41 MP: 4/4
  1099 | D:2      | Reached skill level 5 in Axes
  1470 | D:2      | Found a runed door.
  2242 | D:3      | Reached XP level 5. HP: 47/47 MP: 5/5
  2366 | D:3      | Reached skill level 5 in Fighting
  2366 | D:3      | Reached skill level 6 in Axes
  2984 | D:3      | Found a stormy altar of Qazlal.
  2992 | D:3      | Became a worshipper of Qazlal Stormbringer
  3129 | D:3      | Reached XP level 6. HP: 56/56 MP: 6/6
  3585 | D:4      | Reached skill level 1 in Invocations
  3944 | D:4      | Reached skill level 7 in Axes
  4369 | D:4      | You fall through a shaft for 3 floors!
  4404 | D:7      | Noticed a sky beast
  4416 | D:7      | Killed a sky beast
  4416 | D:7      | Reached XP level 7. HP: 60/62 MP: 8/8
  4446 | D:7      | Noticed a hungry ghost
  4458 | D:7      | Reached skill level 8 in Axes
  4484 | D:7      | Killed a hungry ghost
  4494 | D:7      | Reached skill level 9 in Axes
  4522 | D:7      | Reached XP level 8. HP: 35/71 MP: 11/11
  4856 | D:7      | HP: 1/71 [orc warrior/long sword (7)]
  4857 | D:7      | Reached * piety under Qazlal
  5244 | D:5      | Entered Level 5 of the Dungeon
  5397 | D:5      | Found a staircase to the Ecumenical Temple.
  5403 | Temple   | Entered the Ecumenical Temple
  5590 | D:5      | Reached skill level 10 in Axes
  5590 | D:5      | Reached skill level 5 in Invocations
  5664 | D:5      | Found a shattered altar of Ashenzari.
  6175 | D:5      | Found a burning altar of Makhleb.
  6312 | D:5      | Found an ornate altar of the Wu Jian Council.
  6370 | D:6      | Noticed a troll
  6384 | D:6      | Reached XP level 9. HP: 65/81 MP: 13/13
  6390 | D:6      | Reached skill level 11 in Axes
  6405 | D:6      | Killed a troll
  6722 | D:6      | Found an opulent altar of Gozag.
  6824 | D:6      | Found an ancient bone altar of Kikubaaqudgha.
  6831 | D:6      | Reached ** piety under Qazlal
  6978 | D:6      | Identified a scroll of acquirement
  7588 | D:7      | Found a hazy altar of Hepliaklqana.
  7593 | D:7      | Reached skill level 12 in Axes
  8735 | D:8      | Reached XP level 10. HP: 91/91 MP: 16/16
  8750 | D:8      | Reached skill level 13 in Axes
  8859 | D:8      | Found a snail-covered altar of Cheibriados.
  9564 | D:9      | Reached *** piety under Qazlal
  9683 | D:9      | Reached skill level 10 in Fighting
  9695 | D:9      | Reached skill level 14 in Axes
 10059 | D:9      | Found a flagged portal.
 10089 | Bailey   | Entered a bailey
 11513 | D:9      | Noticed a two-headed ogre
 12152 | D:8      | Killed a two-headed ogre
 12152 | D:8      | Reached skill level 10 in Invocations
 12152 | D:8      | Reached XP level 11. HP: 26/101 MP: 18/18
 12498 | D:8      | Reached skill level 15 in Axes
 12743 | D:9      | Found a staircase to the Lair.
 12925 | D:9      | Found the +5 scythe "Finisher" {speed, Str+3}
 13046 | D:9      | Noticed a manticore
 13059 | D:9      | Killed a manticore
 13275 | D:9      | Reached **** piety under Qazlal
 13332 | D:10     | Entered Level 10 of the Dungeon
 13559 | D:10     | Noticed a two-headed ogre
 13569 | D:10     | Killed a two-headed ogre
 13951 | D:10     | Reached skill level 16 in Axes
 14121 | D:10     | Noticed a cyclops
 14131 | D:10     | Killed a cyclops
 14131 | D:10     | Reached skill level 5 in Shields
 14536 | D:10     | Noticed a two-headed ogre
 14547 | D:10     | Killed a two-headed ogre
 15002 | D:11     | Noticed a death knight
 15002 | D:11     | Noticed a skeletal warrior
 15045 | D:11     | Killed a death knight
 15051 | D:11     | Killed a skeletal warrior
 15051 | D:11     | Reached XP level 12. HP: 72/108 MP: 14/21
 15789 | D:11     | Noticed Snorg
 15818 | D:11     | Mangled by Snorg

Vault maps used:
D:1:      kennysheep_arrival_seaside
D:2:      yredelemnul_altar_generic, minmay_vboxes, uniq_crazy_yiuf_cottage
D:3:      overflow_temple_1_default, grunt_decor_mini_mirrors
D:5:      demons_altar, evilmike_ruin_ashenzari, kennysheep_mini, temple_green,
          first_ration
D:6:      grunt_gozag_breadcrumbs, kiku_gazebo_garden_becter
D:7:      kennysheep_little_box
D:8:      old_standard_altar, grunt_livestock
D:9:      lair_entry_dummy, enter_bailey_3, st_stairs_1,
          minmay_guarded_unrand_finisher
D:10:     serial_ice, serial_ice_l, serial_ice_c, serial_ice_b, serial_ice_a,
          serial_ice_f, serial_ice_o, lemuel_old_faithful
D:11:     uniq_snorg
Temple:   dshaligram_water_room_temple
Bailey:   bailey_polearm_gnolls_kennysheep, bailey

Skill      XL: |  1  2  3  4  5  6  7  8  9 10 11 12 |
---------------+-------------------------------------+-----
Axes           | 3 4 5 6 7 9 10 12 14 16 | 16.0
Fighting       | 4 5 6 7 9 10 | 10.9
Invocations    | 2 4 6 8 10 12 | 12.7
Shields        | 6 7 |  7.5
Armour         | |  3.2

Action                   |  1- 3 |  4- 6 |  7- 9 | 10-12 || total
-------------------------+-------+-------+-------+-------++-------
Melee: War axe           |   107 |   196 |   419 |   715 ||  1437
Invok: Upheaval          |       |       |       |     4 ||     4
       Elemental Force   |       |       |       |     1 ||     1
  Use: Scroll            |       |     5 |     4 |    10 ||    19
       Potion            |       |       |     2 |     6 ||     8
 Stab: Invisible         |       |       |     2 |       ||     2
  Eat: Chunk             |       |    11 |    11 |    13 ||    35
       Ration            |       |       |     2 |     5 ||     7
Armor: Scale mail        |    65 |    71 |       |       ||   136
       Chain mail        |       |     6 |   157 |    48 ||   211
       Plate armour      |       |       |       |   194 ||   194
Dodge: Dodged            |    46 |    52 |    63 |    81 ||   242
       Deflected         |       |       |       |     3 ||     3
Block: Shield            |    62 |    83 |   193 |   474 ||   812

Table legend:
 A = Spawn XP
 B = Non-spawn XP
 C = Spawn XP percentage of total XP
 D = Spawn monster count
 E = Non-spawn monster count
 F = Spawn count percentage of total count
 G = Total turns spent on level
                    A         B        C        D         E        F      G
               +---------+---------+-------+---------+---------+-------+---------
         Total |       0 |   20947 |   0.0 |       0 |     346 |   0.0 | 15818
               +---------+---------+-------+---------+---------+-------+---------
           D:1 |       0 |      67 |   0.0 |       0 |      33 |   0.0 |   852
           D:2 |       0 |      94 |   0.0 |       0 |      22 |   0.0 |  1347
           D:3 |       0 |     168 |   0.0 |       0 |      26 |   0.0 |  1289
           D:4 |       0 |     153 |   0.0 |       0 |      10 |   0.0 |   883
           D:5 |       0 |     818 |   0.0 |       0 |      23 |   0.0 |   970
           D:6 |       0 |     852 |   0.0 |       0 |      14 |   0.0 |   678
           D:7 |       0 |    1462 |   0.0 |       0 |      34 |   0.0 |  1923
           D:8 |       0 |    4345 |   0.0 |       0 |      50 |   0.0 |  2780
           D:9 |       0 |    2682 |   0.0 |       0 |      45 |   0.0 |  1328
          D:10 |       0 |    5069 |   0.0 |       0 |      37 |   0.0 |  1266
          D:11 |       0 |    4013 |   0.0 |       0 |      22 |   0.0 |   957
        Bailey |       0 |    1224 |   0.0 |       0 |      30 |   0.0 |  1412
               +---------+---------+-------+---------+---------+-------+---------
